 Dungeon Crawl Stone Soup version 0.31.0 (webtiles) character file.

Game seed: 3958605219653453079

55 qw the Shooter (level 3, -2/23 HPs)
             Began as a Gargoyle Hunter on Jan 20, 2024.
             Slain by an iguana (11 damage)
             ... on level 3 of the Dungeon.
             The game lasted 00:00:05 (1091 turns).

qw the Shooter (Gargoyle Hunter)                    Turns: 1091, Time: 00:00:05

Health: -2/23      AC:  7    Str: 14    XL:     3   Next: 93%
Magic:  3/3        EV: 11    Int:  9    God:
Gold:   13         SH:  0    Dex: 15    Spells: 2/2 levels left

rFire   . . .        a - +0 shortbow
rCold   . . .        (shield currently unavailable)
rNeg    + . .        c - +0 leather armour
rPois   inf          (no helmet)
rElec   +            (no cloak)
rCorr   .            g - +0 pair of gloves
SInv    .            (no boots)
Will    .....        (no amulet)
Stlth   ++           (no ring)
HPRegen 0.23/turn    (no ring)
MPRegen 0.08/turn

%: no passive effects
@: no status effects
A: sickness immunity, AC +3, negative energy resistance 1, electricity
resistance, torment resistance 1, petrification resistance
a: no special abilities


You were on level 3 of the Dungeon.
You visited 1 branch of the dungeon, and saw 3 of its levels.

You collected 13 gold pieces.


Innate Abilities, Weirdness & Mutations

You are immune to sickness and miasma.
Your stone body is resilient. (AC +3)
You are immune to poison.
You resist negative energy. (rN+)
You are resistant to electric shocks. (rElec)
You are resistant to unholy torment.
You are immune to petrification.


   Skills:
 - Level 3.0 Fighting
 + Level 5.1 Ranged Weapons
 - Level 1.5 Dodging
 - Level 1.1 Stealth


You had 2 spell levels left.
You didn't know any spells.
Your spell library was empty.

Inventory:

Hand Weapons
 a - a +0 shortbow (weapon)
Armour
 c - a +0 leather armour (worn)
 g - a +0 pair of gloves (worn)
Potions
 e - a potion of might {unknown}
 f - a potion of enlightenment
 h - a potion of haste
 j - a potion of brilliance {unknown}

Dungeon Overview and Level Annotations

Branches:
Dungeon (3/15)

Altars:


Message History

Partly explored, can't reach some places.
What level of the Dungeon? (default 2, ? - help)
You see here a +0 robe.
There is a stone staircase leading down here.
You fly downwards.
Found 4 large rocks.
Found an escape hatch in the floor.
There is a stone staircase leading up here.
Waypoint 2 assigned to D:3.
Found a stone staircase leading down.
You are starting to lose your buoyancy.
Your extra speed is starting to run out.
A rat comes into view.
You shoot an arrow. The arrow hits the rat.
The rat is moderately wounded.
You shoot an arrow. The arrow hits the rat.
The rat is severely wounded.
You float gracefully downwards.
Your enlightenment fades.
You shoot an arrow. The arrow completely misses the rat.
You feel yourself slow down.
You shoot an arrow. The arrow hits the rat.
You kill the rat!
An iguana comes into view.
The iguana hisses angrily.
You shoot an arrow. The arrow hits the iguana.
The iguana is lightly wounded.
You shoot an arrow. The arrow closely misses the iguana.
You shoot an arrow. The arrow barely misses the iguana.
You shoot an arrow. The arrow barely misses the iguana.
You shoot an arrow.
The arrow hits the iguana but does no damage.
The iguana is lightly wounded.
The iguana closely misses you.
You shoot an arrow. The arrow hits the iguana.
The iguana is moderately wounded.
The iguana bites you.
You shoot an arrow. The arrow hits the iguana.
The iguana is moderately wounded.
The iguana bites you! x2
You die...

.#.# .... ...# #..#
#..# #%.# #l.######
#@....... #.#######
#.# ############ ##.##
..........># ##...##
#########..###.....#.#
#..#...........#
#.#..###.....###
#.#..# ##...##


You could see an iguana.

Vanquished Creatures
  3 dart slugs
  2 bats
  7 endoplasms (D:1)
  2 giant cockroaches (D:1)
  5 goblins
  3 hobgoblins
  6 jackals (D:1)
  3 quokkas
  5 frilled lizards
  2 kobolds (D:2)
  4 rats
42 creatures vanquished.

Notes
Turn   | Place    | Note
-------+----------+-------------------------------------------
     0 | D:1      | qw the Gargoyle Hunter began the quest for the Orb.
     0 | D:1      | Reached XP level 1. HP: 12/12 MP: 1/1
     0 | D:1      | 0 ||| qw: Version: 0.3-a-132-g3d54051
     0 | D:1      | 0 ||| qw: Game counter: 549
     0 | D:1      | 0 ||| qw: Melee chars always use a shield: true
     0 | D:1      | 0 ||| qw: God list: Okawaru
     0 | D:1      | 0 ||| qw: Allow faded altars: false
     0 | D:1      | 0 ||| qw: Do Orc after clearing Dungeon:15 true
     0 | D:1      | 0 ||| qw: Do second Lair branch before Depths: true
     0 | D:1      | 0 ||| qw: Lair rune preference: random
     0 | D:1      | 0 ||| qw: Goals: Normal
     0 | D:1      | 0 ||| PLANNING D:1-11
    46 | D:1      | Reached XP level 2. HP: 17/17 MP: 2/2
    49 | D:1      | 49 ||| RETREEEEATING.
    50 | D:1      | 50 ||| RETREEEEATING.
   184 | D:1      | Reached XP level 3. HP: 21/21 MP: 3/3
   200 | D:1      | Reached skill level 5 in Ranged Weapons
   536 | D:1      | 536 ||| DROPPING ring of magical power.
   537 | D:1      | 537 ||| DROPPING scroll of butterflies.
   560 | D:2      | 560 ||| STAIRDANCE
   572 | D:2      | 572 ||| STAIRDANCE
   702 | D:2      | Reached skill level 3 in Fighting
  1015 | D:2      | 1015 ||| UPGRADING to +0 pair of gloves.
  1020 | D:2      | 1020 ||| READING scroll labelled WINUCH ROEPUS.
  1021 | D:2      | 1021 ||| READING scroll labelled CILYPA IRCHO.
  1021 | D:2      | 1021 ||| IDENTIFYING lumpy grey potion
  1022 | D:2      | 1022 ||| DRINKING 2 bubbling black potions.
  1023 | D:2      | 1023 ||| DRINKING 2 murky yellow potions.
  1024 | D:2      | 1024 ||| DROPPING potion of lignification.
  1091 | D:3      | Slain by an iguana

Levels and vault maps discovered:
D:1:      onia_arrival_handbag, layout_basic
D:2:      layout_rooms, minmay_crystal_water
D:3:      kennysheep_six_static_rooms, layout_loops_ring

Skill      XL: |  1  2  3 |
---------------+----------+-----
Ranged Weapons | 5 |  5.1
Fighting       | 3 |  3.0
Dodging        | |  1.5
Stealth        | |  1.1

Action                     || total
---------------------------++-------
   Fire: Shortbow          ||   128
    Use: Scroll            ||     2
         Potion            ||     2
 Armour: Leather armour    ||    47
  Dodge: Dodged            ||    55

Table legend:
 A = Non-vault XP
 B = Vault XP
 C = Vault XP percentage of total XP
 D = Non-vault monster count
 E = Vault monster count
 F = Vault count percentage of total count
                 A         B        C        D         E       F
            +---------+---------+-------+---------+---------+-------
      Total |      73 |       6 |   7.6 |      38 |       4 |   9.5
            +---------+---------+-------+---------+---------+-------
        D:1 |      53 |       6 |  10.2 |      26 |       4 |  13.3
        D:2 |      19 |       0 |   0.0 |      11 |       0 |   0.0
        D:3 |       1 |       0 |   0.0 |       1 |       0 |   0.0
            +---------+---------+-------+---------+---------+-------
